% Time on Ice - KANSAS CITY KILLERBEES
Lines # - Real PCT - Wanted PCT - Time Play
Normal Forward
1 - 29% - 36% - 14:43
2 - 27% - 31% - 13:50
3 - 33% - 23% - 16:39
4 - 12% - 10% - 5:54
Normal Defense
1 - 32% - 36% - 16:34
2 - 31% - 31% - 15:39
3 - 32% - 23% - 16:31
4 - 5% - 10% - 2:22
PP Forward
1 - 67% - 55% - 1:59
2 - 33% - 45% - 0:58
PP Defense
1 - 67% - 55% - 1:59
2 - 33% - 45% - 0:58
PK Forward
1 - 65% - 55% - 2:34
2 - 35% - 45% - 1:24
PK Defense
1 - 61% - 55% - 2:25
2 - 39% - 45% - 1:33
PK3 Forward
1 - 0% - 55%
2 - 0% - 45%
PK3 Defense
1 - 0% - 55%
2 - 0% - 45%
44 Forward
1 - 60% - 55% - 1:11
2 - 40% - 45% - 0:48
44 Defense
1 - 53% - 55% - 1:03
2 - 47% - 45% - 0:56
Last Minute Offensive  - 0:00
Last Minute Defensive  - 0:00
Total
Forward - 60:00
Defense - 60:00
% Time on Ice - KELOWNA ROCKETS
Lines # - Real PCT - Wanted PCT - Time Play
Normal Forward
1 - 33% - 36% - 16:42
2 - 33% - 36% - 16:39
3 - 25% - 28% - 12:49
4 - 10% - 0% - 4:56
Normal Defense
1 - 36% - 37% - 18:32
2 - 34% - 35% - 17:12
3 - 30% - 28% - 15:22
4 - 0% - 0% - 0:00
PP Forward
1 - 51% - 55% - 2:01
2 - 49% - 45% - 1:57
PP Defense
1 - 53% - 65% - 2:05
2 - 47% - 35% - 1:53
PK Forward
1 - 100% - 65% - 2:57
2 - 0% - 35% - 0:00
PK Defense
1 - 64% - 55% - 1:53
2 - 36% - 45% - 1:04
PK3 Forward
1 - 0% - 60%
2 - 0% - 40%
PK3 Defense
1 - 0% - 55%
2 - 0% - 45%
44 Forward
1 - 53% - 55% - 1:03
2 - 47% - 45% - 0:56
44 Defense
1 - 100% - 55% - 1:59
2 - 0% - 45% - 0:00
Last Minute Offensive  - 0:00
Last Minute Defensive  - 0:00
Total
Forward - 60:00
Defense - 60:00
Play-by-Play 1st period 0:01 of 1st period - Yegor Sharangovich wins face-off versus Auston Matthews in neutral zone. 0:07 of 1st period - Cam Fowler is hit by Auston Matthews and loses puck. 0:26 of 1st period - Shot by Alexander Ovechkin. 0:26 of 1st period - Stopped by Casey DeSmith with a rebound. 0:31 of 1st period - Icing by Cam Fowler. 0:32 of 1st period - Anthony Cirelli wins face-off versus Yegor Sharangovich in KANSAS CITY KILLERBEES zone. 0:38 of 1st period - Yegor Sharangovich is hit by Valeri Nichushkin and loses puck. 0:49 of 1st period - Yegor Sharangovich is hit by Anthony Cirelli and loses puck. 1:09 of 1st period - Icing by Duncan Keith. 1:10 of 1st period - Tyler Johnson wins face-off versus Anthony Cirelli in KELOWNA ROCKETS zone. 1:19 of 1st period - Icing by Colin Miller. 1:20 of 1st period - Parker Kelly wins face-off versus Buddy Robinson in KANSAS CITY KILLERBEES zone. 1:20 of 1st period - Parker Kelly is hit by Keith Yandle. 1:30 of 1st period - Shot by Keegan Kolesar. 1:30 of 1st period - Shot Misses the Net. 1:53 of 1st period - Shot by J.T. Compher. 1:53 of 1st period - Shot Misses the Net. 2:11 of 1st period - Shot by Michael Chaput. 2:11 of 1st period - Stopped by Craig Anderson without a rebound. 2:12 of 1st period - Auston Matthews wins face-off versus Mason Marchment in KELOWNA ROCKETS zone. 2:21 of 1st period - Mason Marchment is hit by Alexander Ovechkin and loses puck. 2:58 of 1st period - Shot by Alexander Ovechkin. 2:58 of 1st period - Goal by Alexander Ovechkin - KANSAS CITY KILLERBEES : 0 - KELOWNA ROCKETS : 1. 2:59 of 1st period - Anthony Cirelli wins face-off versus Jake Lucchini in neutral zone. 3:05 of 1st period - Anthony Cirelli is hit by K'Andre Miller and loses puck. 3:12 of 1st period - Shot by Cam Fowler. 3:12 of 1st period - Stopped by Craig Anderson without a rebound. 3:13 of 1st period - Jonathan Dahlen wins face-off versus Yegor Sharangovich in KELOWNA ROCKETS zone. 3:13 of 1st period - Jonathan Dahlen is hit by James van Riemsdyk. 3:32 of 1st period - Shot by Alexis Lafreniere. 3:32 of 1st period - Stopped by Craig Anderson with a rebound. 3:45 of 1st period - Icing by Mark Giordano. 3:46 of 1st period - Cody Eakin wins face-off versus Buddy Robinson in KELOWNA ROCKETS zone. 3:51 of 1st period - K'Andre Miller is hit by Dakota Mermis and loses puck. 4:29 of 1st period - Shot by Tyler Bertuzzi. 4:29 of 1st period - Shot Misses the Net. 4:31 of 1st period - Shot by Anthony Cirelli. 4:31 of 1st period - Stopped by Casey DeSmith without a rebound. 4:32 of 1st period - Jake Lucchini wins face-off versus Parker Kelly in KANSAS CITY KILLERBEES zone. 5:42 of 1st period - Shot by Alexander Ovechkin. 5:42 of 1st period - Stopped by Casey DeSmith without a rebound. 5:43 of 1st period - Anthony Cirelli wins face-off versus Michael Chaput in KANSAS CITY KILLERBEES zone. 5:56 of 1st period - Shot by Valeri Nichushkin. 5:56 of 1st period - Stopped by Casey DeSmith without a rebound. 5:57 of 1st period - Tyler Johnson wins face-off versus Auston Matthews in KANSAS CITY KILLERBEES zone. 5:57 of 1st period - Tyler Johnson is hit by Alexander Ovechkin. 6:04 of 1st period - Tyler Johnson is hit by Anthony DeAngelo and loses puck. 6:49 of 1st period - Shot by Mason Marchment. 6:49 of 1st period - Deflect By Anders Bjork. 6:49 of 1st period - Shot Misses the Net. 6:51 of 1st period - Shot by Cam Fowler. 6:51 of 1st period - Stopped by Craig Anderson without a rebound. 6:52 of 1st period - Anthony Cirelli wins face-off versus Yegor Sharangovich in KELOWNA ROCKETS zone. 7:07 of 1st period - Shot by James van Riemsdyk. 7:07 of 1st period - Deflect By Yegor Sharangovich. 7:07 of 1st period - Shot Misses the Net. 7:13 of 1st period - Shot by Yegor Sharangovich. 7:13 of 1st period - Shot Misses the Net. 7:55 of 1st period - Icing by Mark Giordano. 7:56 of 1st period - Michael Chaput wins face-off versus Parker Kelly in KELOWNA ROCKETS zone. 8:01 of 1st period - Shot by Anders Bjork. 8:01 of 1st period - Shot Misses the Net. 9:08 of 1st period - Shot by Tyler Johnson. 9:08 of 1st period - Stopped by Craig Anderson without a rebound. 9:09 of 1st period - Anthony Cirelli wins face-off versus Jake Lucchini in KELOWNA ROCKETS zone. 9:42 of 1st period - Shot by James van Riemsdyk. 9:42 of 1st period - Shot Blocked by Adam Fox. 10:06 of 1st period - Icing by Valeri Nichushkin. 10:07 of 1st period - Anthony Cirelli wins face-off versus Michael Chaput in KELOWNA ROCKETS zone. 10:27 of 1st period - Shot by Mason Marchment. 10:27 of 1st period - Stopped by Craig Anderson without a rebound. 10:28 of 1st period - Auston Matthews wins face-off versus Tyler Johnson in KELOWNA ROCKETS zone. 11:53 of 1st period - Shot by James van Riemsdyk. 11:53 of 1st period - Stopped by Craig Anderson without a rebound. 11:54 of 1st period - Michael Chaput wins face-off versus Tyler Bertuzzi in KELOWNA ROCKETS zone. 12:11 of 1st period - Shot by Anthony Cirelli. 12:11 of 1st period - Stopped by Casey DeSmith without a rebound. 12:12 of 1st period - Cody Eakin wins face-off versus Alexis Lafreniere in KANSAS CITY KILLERBEES zone. 12:13 of 1st period - Shot by Anthony DeAngelo. 12:13 of 1st period - Shot Misses the Net. 12:20 of 1st period - Icing by K'Andre Miller. 12:21 of 1st period - Yegor Sharangovich wins face-off versus Auston Matthews in KANSAS CITY KILLERBEES zone. 12:21 of 1st period - Yegor Sharangovich is hit by Auston Matthews. 12:37 of 1st period - Shot by Auston Matthews. 12:37 of 1st period - Goal by Auston Matthews - KANSAS CITY KILLERBEES : 0 - KELOWNA ROCKETS : 2. 12:38 of 1st period - Michael Chaput wins face-off versus Parker Kelly in neutral zone. 12:51 of 1st period - Shot by Anders Bjork. 12:51 of 1st period - Stopped by Craig Anderson without a rebound. 12:52 of 1st period - Yegor Sharangovich wins face-off versus Valeri Nichushkin in KELOWNA ROCKETS zone. 13:36 of 1st period - Shot by Anthony Cirelli. 13:36 of 1st period - Stopped by Casey DeSmith without a rebound. 13:37 of 1st period - Auston Matthews wins face-off versus Tyler Johnson in KANSAS CITY KILLERBEES zone. 13:38 of 1st period - Shot by Pavel Buchnevich. 13:38 of 1st period - Stopped by Casey DeSmith with a rebound. 13:56 of 1st period - Shot by Colin Miller. 13:56 of 1st period - Shot Blocked by Duncan Keith. 14:11 of 1st period - Auston Matthews is hit by Keith Yandle and loses puck. 14:37 of 1st period - Shot by Michael Chaput. 14:37 of 1st period - Stopped by Craig Anderson with a rebound. 14:39 of 1st period - Shot by Mason Marchment. 14:39 of 1st period - Shot Misses the Net. 15:27 of 1st period - Icing by Michael Chaput. 15:28 of 1st period - Anthony Cirelli wins face-off versus Michael Chaput in KANSAS CITY KILLERBEES zone. 15:31 of 1st period - Shot by Valeri Nichushkin. 15:31 of 1st period - Stopped by Casey DeSmith without a rebound. 15:32 of 1st period - Anthony Cirelli wins face-off versus Yegor Sharangovich in KANSAS CITY KILLERBEES zone. 16:59 of 1st period - Shot by J.T. Compher. 16:59 of 1st period - Stopped by Casey DeSmith with a rebound. 17:01 of 1st period - Shot by J.T. Compher. 17:01 of 1st period - Deflect By Parker Kelly. 17:01 of 1st period - Shot Blocked by K'Andre Miller. 17:29 of 1st period - Shot by Alexander Ovechkin. 17:29 of 1st period - Stopped by Casey DeSmith without a rebound. 17:30 of 1st period - Tyler Johnson wins face-off versus Jonathan Dahlen in KANSAS CITY KILLERBEES zone. 17:30 of 1st period - Tyler Johnson is hit by Cody Eakin. 17:57 of 1st period - Shot by Jonathan Dahlen. 17:57 of 1st period - Shot Misses the Net. 19:14 of 1st period - Icing by Pavel Buchnevich. 19:15 of 1st period - Anders Bjork wins face-off versus Pavel Buchnevich in KELOWNA ROCKETS zone. 19:51 of 1st period - Shot by Tyler Bertuzzi. 19:51 of 1st period - Shot Blocked by Maxwell Willman. 19:53 of 1st period - Shot by Valeri Nichushkin. 19:53 of 1st period - Deflect By Anthony Cirelli. 19:53 of 1st period - Shot Blocked by Colin Miller. Goals for this period are 0 for KANSAS CITY KILLERBEES vs 2 for KELOWNA ROCKETS. Shots for this period are 9 for KANSAS CITY KILLERBEES vs 12 for KELOWNA ROCKETS. 2nd period 0:01 of 2nd period - Yegor Sharangovich wins face-off versus Parker Kelly in neutral zone. 0:08 of 2nd period - Shot by Cam Fowler. 0:08 of 2nd period - Stopped by Craig Anderson with a rebound. 0:10 of 2nd period - Shot by Alexis Lafreniere. 0:10 of 2nd period - Shot Misses the Net. 0:12 of 2nd period - Shot by K'Andre Miller. 0:12 of 2nd period - Stopped by Craig Anderson with a rebound. 0:14 of 2nd period - Shot by Alexis Lafreniere. 0:14 of 2nd period - Shot Misses the Net. 0:16 of 2nd period - Shot by Yegor Sharangovich. 0:16 of 2nd period - Stopped by Craig Anderson without a rebound. 0:17 of 2nd period - Anthony Cirelli wins face-off versus Tyler Johnson in KELOWNA ROCKETS zone. 0:26 of 2nd period - Shot by Anthony Cirelli. 0:26 of 2nd period - Stopped by Casey DeSmith without a rebound. 0:27 of 2nd period - Anthony Cirelli wins face-off versus Yegor Sharangovich in KANSAS CITY KILLERBEES zone. 0:35 of 2nd period - Icing by Yegor Sharangovich. 0:36 of 2nd period - Yegor Sharangovich wins face-off versus Parker Kelly in KANSAS CITY KILLERBEES zone. 0:36 of 2nd period - Yegor Sharangovich is hit by Parker Kelly. 0:45 of 2nd period - Minor Penalty to Duncan Keith for Interference. 0:45 of 2nd period - Minor Penalty to K'Andre Miller for Roughing. 0:46 of 2nd period - Auston Matthews wins face-off versus James van Riemsdyk in KELOWNA ROCKETS zone. 0:51 of 2nd period - Cam Fowler is hit by Pavel Buchnevich. 1:00 of 2nd period - Icing by Anthony DeAngelo. 1:01 of 2nd period - Auston Matthews wins face-off versus James van Riemsdyk in KELOWNA ROCKETS zone. 1:06 of 2nd period - Yegor Sharangovich is hit by Pavel Buchnevich and loses puck. 1:40 of 2nd period - Shot by Auston Matthews. 1:40 of 2nd period - Shot Misses the Net. 1:42 of 2nd period - Shot by Auston Matthews. 1:42 of 2nd period - Stopped by Casey DeSmith with a rebound. 2:02 of 2nd period - Shot by Alexis Lafreniere. 2:02 of 2nd period - Shot Blocked by Mark Giordano. 2:04 of 2nd period - Shot by Tyler Johnson. 2:04 of 2nd period - Goal by Tyler Johnson - KANSAS CITY KILLERBEES : 1 - KELOWNA ROCKETS : 2. 2:05 of 2nd period - Anthony Cirelli wins face-off versus Alexis Lafreniere in neutral zone. 3:19 of 2nd period - Shot by Mason Marchment. 3:19 of 2nd period - Stopped by Craig Anderson without a rebound. 3:20 of 2nd period - Jake Lucchini wins face-off versus Auston Matthews in KELOWNA ROCKETS zone. 3:50 of 2nd period - Alexander Ovechkin is hit by Jake Lucchini and loses puck. 3:56 of 2nd period - Icing by Jonathon Merrill. 3:57 of 2nd period - Auston Matthews wins